[Event "British Rapidplay Championship 2023"]
[Site "Mercure Bradford, Bankfield Hotel"]
[Date "2023.04.15"]
[Round "2.15"]
[White "Watson, Phil R"]
[Black "Nicholson, Jim WR"]
[Result "1/2-1/2"]
[TimeControl "15 minutes plus 10 seconds per move"]
[WhiteElo "2144"]
[BlackElo "1958"]

1. d4 d5 2. c4 c6 3. cxd5 cxd5 4.
Bf4 Nc6 5. Nc3 Nf6 6. e3 a6 7. Bd3 g6 8. Nf3 Bg7 9. O-O Nh5 10. Be5 f6 11. Bg3 Nxg3 12. hxg3 f5 13. Qb3 e6 14.
Na4 O-O 15. Rfc1 Qd6 16. Nb6 Rb8 17. Qa3 Rd8 18. Qxd6 Rxd6 19. Nxc8 Rxc8 20. Rc3 Rdd8 21. Rac1 Ne7 22. Rc7 Bf6 23.
R1c3 Kf8 24. Rxb7 Rxc3 25. bxc3 Rc8 26. Rb3 a5 27. Nd2 Nc6 28. c4 Nb4 29. Bb1 dxc4 30. Rc3 e5 31. Rxc4 Rd8 32. Nb3 Nd5 33. Nxa5 exd4 34.
exd4 Nb6 35. Rb4 Nd5 36. Nc6 Nxb4 37. Nxd8 Bxd8 38. a3 Nd5 39. Ba2 Nc3 40. Bc4 Bb6 41. d5 Ke7 42. Kf1 Kd6 43. Ke1 Nxd5 44. Ke2 Kc5 45.
Bb3 Kd4 46. f3 h6 47. g4 fxg4 48. fxg4 g5 49. Kf3 Nc3 50. Bc2 Bc7 51. Bb3 Bd6 52. a4 Bb4 53. Bc2 Nd5 54. Be4 Nf4 55. Bc6 Nd3 56. Be8 Ne5+ 57. Kg3 Be1+ 58.
Kh3 Kc5 59. Bb5 Kb4 60. Be8 Nc4 61. Kh2 Nb6 62. Kg1 Nxa4 63. Kf1 Bg3 64. Ke2 Nc5 65. Ke3 Kc3 66. Bb5 Bf4 67. Kf3 Kd4 68.
Bc6 Nd3 69. Bb7 Ne5+ 70. Kf2 Nxg4+ 71. Kf3 Ne5+ 72. Ke2 Nc4 73. Kf2 Ne5 74. Kg1 Ke3 75. Ba8 Bg3 76. Bb7 Nd3 77. Ba8 Nf4 78. Bb7 Ne2+ 79. Kh1 h5 80.
Bc6 Kf2 81. Bf3 h4 82. Bc6 Nf4 83. Bb7 Ke1 84. Bc6 Bf2 85. Kh2 g4 86. Kh1 Bg3 87. Bd7 Kf2 88. Bxg4 Nxg2 89. Bd7 Ne3 90.
Bc8 Be5 91. Bd7 Kg3 92. Bc8 Bd4 93. Bd7 Nd1 94. Bc8 Nf2+ 95. Kg1 Ng4+ 96. Kh1 Ne5 97. Be6 Nd3 98. Bc8 Be5 99. Bd7 Kf2 100. Bc8 Nc1 101. Bd7 Ne2 102.
Bc8 Ng3+ 103. Kh2 Ne4 104. Kh1 Bg3 105. Bd7 Kf1 106. Bb5+ Ke1 107. Bd7 Ng5 108. Kg2 Ke2 109. Bc8 Ke3 110.
Bd7 Kf4 111. Bc8 Be1 112. Bd7 Ne4 113. Bc8 Ng5 114. Bd7 Ne4 115. Bc8 Nf6 116. Be6 Ke5 117. Bc8 Kf4 118. Be6 Ng4 119.
Bxg4 Kxg4 120. Kh1 1/2-1/2

[Event "British Rapidplay Championship 2023"]
[Site "Mercure Bradford, Bankfield Hotel"]
[Date "2023.04.15"]
[Round "2.16"]
[White "Quilter, Thomas A"]
[Black "Lau, Luke"]
[Result "0-1"]
[TimeControl "15 minutes plus 10 seconds per move"]
[WhiteElo "2134"]
[BlackElo "1917"]

1. e4 e5 2. Nf3 Nf6 3. Nc3 Nc6 4. d4 exd4 5. Nxd4 Bb4 6. Nxc6 bxc6 7.
Bd3 d5 8. e5 Ng4 9. O-O Qh4 10. Bf4 O-O 11. Qe2 Nh6 12. Bg3 Qg4 13. f3 Bc5+ 14. Kh1 Qh5 15. Na4 Be7 16. Bf2 Re8 17.
Rae1 Bh4 18. Nc5 Bxf2 19. Qxf2 Rb8 20. b3 Qg5 21. f4 Qh5 22. f5 Rb4 23. c4 dxc4 24. bxc4 Ng4 25. Qg3 Rb2 26.
h3 Nh6 27. Bb1 Bxf5 28. Ne4 Bg6 29. Qa3 Rxb1 30. Ng3 Rxe1 31. Nxh5 Rxf1+ 32. Kh2 Bxh5 33. g4 Bg6 34. Qxa7 Re1 35. a4 R1xe5 36. a5 Re2+ 37.
Kg3 f5 38. Qxc7 fxg4 39. hxg4 Nf7 40. a6 R2e3+ 41. Kf2 Ra3 42. Qxc6 Ra2+ 43. Kg3 Ng5 44. Qd5+ Ne6 45. Qb7 Nd8 46.
Qd5+ Bf7 47. Qb5 Ne6 48. c5 Ra3+ 49. Kf2 Nd4 50. Qb1 Rf3+ 51. Kg1 Rb3 52. Qd1 Re1+ 0-1

[Event "British Rapidplay Championship 2023"]
[Site "Mercure Bradford, Bankfield Hotel"]
[Date "2023.04.15"]
[Round "2.17"]
[White "Zhao, George"]
[Black "Cook, Phil"]
[Result "0-1"]
[TimeControl "15 minutes plus 10 seconds per move"]
[WhiteElo "1675"]
[BlackElo "2126"]

1. d4 Nf6 2. Nf3 g6 3. g3 Bg7 4. Bg2 O-O 5. O-O d6 6. c4 c6 7. Nc3 Bf5 8. Re1 Ne4 9. Nh4 Nxc3 10.
bxc3 Be6 11. Qd3 Qa5 12. e4 Na6 13. Bd2 Qa4 14. Bf1 Rfe8 15. d5 Nc5 16. Qe2 Bd7 17. Qd1 Rac8 18. Qxa4 Nxa4 19.
Rab1 b6 20. Rb3 cxd5 21. exd5 Rc5 22. Be3 Ra5 23. Bd4 Nc5 24. Rb2 Ra3 25. Re3 Bh6 26. Re1 e5 27. Bxc5 dxc5 28. Rbe2 Rxc3 29.
Rxe5 Rxe5 30. Rxe5 Kf8 31. d6 Be6 32. Kg2 Rc1 33. Be2 Ke8 34. f4 Kd7 35. f5 gxf5 36. Nxf5 Bf8 37. Bg4 Bxd6 38.
Nxd6 Kxd6 39. Rg5 Rxc4 40. Bxe6 Kxe6 41. Rh5 Rc2+ 42. Kh3 Rxa2 43. Rxh7 c4 44. Rh6+ Kd7 45. Rf6 Ke7 46. Rc6 b5 47.
Rc7+ Ke6 48. Rc6+ Kd5 49. Rf6 c3 50. Rxf7 c2 51. Rc7 b4 52. g4 b3 53. g5 Ra6 54. Rc3 Rc6 55. Rxb3 c1=Q 56. Rd3+ Ke4 57. Rg3 Qf1+ 58. Kh4 Kf4 59.
Rg4+ Kf5 60. Rg3 Rc8 61. Rf3+ Qxf3 62. g6 Rh8+ 0-1

[Event "British Rapidplay Championship 2023"]
[Site "Mercure Bradford, Bankfield Hotel"]
[Date "2023.04.15"]
[Round "2.18"]
[White "Smith, Andrew P"]
[Black "Cuaresma, Gerald"]
[Result "1-0"]
[TimeControl "15 minutes plus 10 seconds per move"]
[WhiteElo "2125"]
[BlackElo "1741"]

1. e4 c5 2. Nf3 Nc6 3. d4 cxd4 4. Nxd4 e5 5. Nb3 Nf6 6. Nc3 Bb4 7. Bc4 O-O 8.
O-O d6 9. Qe2 Bg4 10. f3 Be6 11. Bg5 Qb6+ 12. Kh1 Bxc3 13. bxc3 Nd7 14. Rad1 Qc7 15. Bxe6 fxe6 16. Qd3 d5 17.
exd5 exd5 18. Qxd5+ Rf7 19. c4 Nb4 20. Qb5 Nxa2 21. Bd2 a5 22. Ra1 a4 23. Rxa2 1-0

[Event "British Rapidplay Championship 2023"]
[Site "Mercure Bradford, Bankfield Hotel"]
[Date "2023.04.15"]
[Round "2.19"]
[White "Bramson, Mike"]
[Black "Bak, Christopher"]
[Result "1/2-1/2"]
[TimeControl "15 minutes plus 10 seconds per move"]
[WhiteElo "1864"]
[BlackElo "2116"]

1. e4 e6 2. d4 d5 3. Nd2 Nf6 4.
e5 Nfd7 5. Ngf3 c5 6. c3 Nc6 7. Bd3 g6 8. O-O Bg7 9. Re1 O-O 10. Nf1 cxd4 11. cxd4 Qb6 12. Be3 f6 13. Qd2 Qa5 14. Qxa5 Nxa5 15. exf6 Nxf6 16. Ne5 Nd7 17. f4 Nxe5 18. fxe5 Bd7 19. Nd2 Rac8 20. Rac1 Nc6 21. a3 Ne7 22.
Nf3 Rc6 23. Rxc6 Nxc6 24. b4 Ne7 25. Rc1 Rc8 26. Rxc8+ Nxc8 27. Nd2 Ba4 28. Nb1 Bf8 29. Nc3 Be8 30. Bc1 Kg7 31. Be2 Be7 32.
Bg4 Bf7 33. Nxd5 exd5 34. Bxc8 b6 35. Kf1 g5 36. g4 Be8 37. Bb7 Bb5+ 38. Kf2 Bc4 39. Ke3 h6 40. Bc8 Kf7 41. Bf5 Bb5 42.
Kf3 Bc4 43. h4 Bb5 44. Bd2 Bc4 45. hxg5 Bxg5 46. Bf4 Ke7 47. Bxg5+ hxg5 48. Ke3 Kf7 49. Kd2 Ke7 50. Kc3 Be2 51.
Kd2 Bb5 52. Kc3 Be2 53. a4 Bd1 54. a5 Be2 55. Kd2 Bb5 56. Bd3 Bd7 57. Be2 Kd8 58. Kc3 Kc7 59. Bf3 Be6 60. Kb3 Kc6 61.
Ka4 b5+ 62. Kb3 a6 1/2-1/2

[Event "British Rapidplay Championship 2023"]
[Site "Mercure Bradford, Bankfield Hotel"]
[Date "2023.04.15"]
[Round "2.20"]
[White "Surtees, Mike J"]
[Black "Fava, Lorenzo"]
[Result "1-0"]
[TimeControl "15 minutes plus 10 seconds per move"]
[WhiteElo "2111"]
[BlackElo "1728"]

1. e4 c6 2. Ne2 d5 3. e5 c5 4.
b4 cxb4 5. a3 Nc6 6. d4 e6 7. axb4 Bxb4+ 8. c3 Be7 9. Nf4 Bd7 10. Bd3 Qc7 11. O-O Na5 12. Re1 Nc4 13. Bxc4 Qxc4 14.
Qf3 a5 15. Na3 Qc6 16. Rb1 Nh6 17. g4 b5 18. Nh5 b4 19. Nxg7+ Kd8 20. Bxh6 bxa3 21. Nh5 Rg8 22. h3 Kc7 23.
Nf6 Rg6 24. Bd2 a2 25. Ra1 Qc4 26. Kh2 Rb8 27. h4 Rxf6 28. exf6 Ba3 29. Bf4+ Kc6 30. Bxb8 Bb2 31. Qf4 Kb7 32.
Qc7+ Qxc7+ 33. Bxc7 Bxa1 34. Rxa1 Kxc7 35. Rxa2 a4 36. g5 Kb6 37. h5 Be8 38. Rxa4 Bxa4 39. g6 1-0

[Event "British Rapidplay Championship 2023"]
[Site "Mercure Bradford, Bankfield Hotel"]
[Date "2023.04.15"]
[Round "2.21"]
[White "McCarthy, Damian M"]
[Black "Coles, Steven F"]
[Result "1/2-1/2"]
[TimeControl "15 minutes plus 10 seconds per move"]
[WhiteElo "1860"]
[BlackElo "1969"]

1. e4 c6 2. d4 d5 3. Nd2 dxe4 4. Nxe4 Nf6 5. Nxf6+ exf6 6. c3 Bd6 7. Bd3 O-O 8. Qc2 Re8+ 9.
Ne2 h5 10. Be3 Nd7 11. O-O-O Nf8 12. Kb1 Be6 13. c4 Qa5 14. Nc3 Rab8 15. d5 cxd5 16. Nxd5 Be5 17. Nf4 Bxf4 18. Bxf4 Rbc8 19. Qb3 Nd7 20.
Qb5 Qxb5 21. cxb5 Nc5 22. Bc2 Bc4 23. Be3 Bxb5 24. Rd5 Re5 25. Rhd1 b6 26. Rxe5 fxe5 27. Rd5 Bc6 28. Rxe5 Bxg2 29.
Rxh5 Be4 30. Bxe4 Nxe4 31. Re5 Nf6 32. Re7 Nd5 33. Rxa7 Nxe3 34. fxe3 Re8 35. Ra3 Re4 36. Rd3 Rh4 37.
Rd2 Rh3 38. Re2 Kh7 39. Kc2 Kg6 40. Kd3 Kf5 41. Rf2+ Ke6 42. Kd4 f5 43. Rg2 Rh4+ 44. Kd3 Kf6 45. b3 g5 46. Rc2 g4 47.
a4 Kg5 48. Rb2 Rh3 49. Kd4 Rh6 50. b4 Re6 51. a5 bxa5 52. bxa5 Re4+ 53. Kd3 Ra4 54. Rb5 Kf6 55. Rb6+ Ke5 56.
a6 Ra3+ 57. Kd2 Ra2+ 58. Kd3 Ra3+ 59. Kd2 Ra2+ 60. Kc3 Ke4 61. Re6+ Kf3 62. Kb4 Rxh2 63. Re5 Ra2 64. Kb5 g3 65.
Rxf5+ Kxe3 66. Rg5 Kf2 67. Kb6 1/2-1/2

[Event "British Rapidplay Championship 2023"]
[Site "Mercure Bradford, Bankfield Hotel"]
[Date "2023.04.15"]
[Round "2.22"]
[White "Walton, Alan J"]
[Black "Gopakumar, Siddharth"]
[Result "1-0"]
[TimeControl "15 minutes plus 10 seconds per move"]
[WhiteElo "2105"]
[BlackElo "1735"]

1. d4 d5 2. c4 c6 3. Nc3 Nf6 4. Nf3 dxc4 5. a4 Bf5 6. Ne5 Nbd7 7. Nxc4 Qc7 8. g3 e5 9. dxe5 Nxe5 10.
Bf4 Nfd7 11. Bg2 f6 12. O-O g5 13. Nxe5 gxf4 14. Nxd7 Qxd7 15. Ne4 Qe6 16. Qd4 Bxe4 17. Qxe4 Qxe4 18.
Bxe4 Bd6 19. Kg2 O-O-O 20. Rad1 h5 21. Kf3 fxg3 22. hxg3 Be5 23. b3 h4 24. Rxd8+ Kxd8 25. Rh1 f5 26.
Bxf5 hxg3 27. Rxh8+ Bxh8 28. Kxg3 b5 29. axb5 cxb5 30. Bd3 b4 31. f4 Ke7 32. e4 Bc3 33. Kg4 Kf6 34. Bc4 Bd2 35.
e5+ Ke7 36. Kf5 Bc1 37. Ke4 a5 38.
f5 Bb2 39. f6+ Ke8 40. Kf5 Kf8 41. e6 1-0

[Event "British Rapidplay Championship 2023"]
[Site "Mercure Bradford, Bankfield Hotel"]
[Date "2023.04.15"]
[Round "2.23"]
[White "Buckley, Colm"]
[Black "Edwards-Wright, Miles D"]
[Result "0-1"]
[TimeControl "15 minutes plus 10 seconds per move"]
[WhiteElo "1870"]
[BlackElo "1937"]

1. d4 g6 2. Nf3 Bg7 3. c4 d6 4.
Nc3 Bg4 5. e3 c6 6. h3 Bxf3 7. Qxf3 Nd7 8. Bd3 Qc7 9. Bd2 a5 10. O-O e5 11. d5 Ne7 12. dxc6 bxc6 13. e4 O-O 14.
Rac1 Nc5 15. b3 Ne6 16. Be3 f5 17. exf5 gxf5 18. Qh5 Rf6 19. Bg5 Nxg5 20. Qxg5 Rg6 21. Qh5 Rf8 22. Kh1 Qd7 23.
f4 e4 24. Nxe4 fxe4 25. Bxe4 Rh6 26. Qf3 d5 27. cxd5 cxd5 28. Qd3 Qe6 29. Bf3 Rff6 30. Rce1 Rxh3+ 31. Kg1 Qb6+ 32. Qe3 Rh1+ 33.
Kxh1 Rh6+ 34. Kg1 Bd4 35. Kf2 Bxe3+ 36. Rxe3 Nf5 37. Ke1 0-1

[ePGN "0.1;DGT LiveChess/2.2.5"]

[Event "British Rapidplay Championship 2023"]
[Site "Mercure Bradford, Bankfield Hotel"]
[Date "2023.04.15"]
[Round "3.1"]
[White "Cook, Phil"]
[Black "Ghasi, Ameet K"]
[Result "0-1"]
[TimeControl "15 minutes plus 10 seconds per move"]
[WhiteElo "2126"]
[BlackElo "2631"]

1. c4 g6 2. Nf3 Nf6 3. d4 Bg7 4. g3 O-O 5. Bg2 d6 6. Nc3 c6 7. O-O Qb6 8. h3 Qa6 9. b3 b5 10.
cxb5 cxb5 11. a4 b4 12. Na2 Qb6 13. Nd2 d5 14. Nc4 dxc4 15. Bxa8 Bxh3 16. Bg2 Bxg2 17. Kxg2 c3 18. f3 Rd8 19.
Be3 a5 20. Qd3 Qe6 21. Nc1 Nd5 22. Bf2 f5 23. Ra2 f4 24. g4 Nc6 25. Rd1 Rc8 26. Qe4 Qf7 27. Nd3 Nf6 28. Ne5 Nxe4 29.
Nxf7 Nxf2 30. Kxf2 Kxf7 31. d5 Nd4 32. e4 fxe3+ 33. Kxe3 Nxb3 34. Kd3 Nc5+ 35. Kc4 b3 36. Rh2 c2 37. Re1 Nd7+ 38. Kxb3 c1=Q 39. Rxc1 Rxc1 0-1

[Event "British Rapidplay Championship 2023"]
[Site "Mercure Bradford, Bankfield Hotel"]
[Date "2023.04.15"]
[Round "3.2"]
[White "Gormally, Daniel W"]
[Black "Smith, Andrew P"]
[Result "1-0"]
[TimeControl "15 minutes plus 10 seconds per move"]
[WhiteElo "2570"]
[BlackElo "2125"]

1. d4 Nf6 2. Nf3 c5 3. d5 e6 4. c4 exd5 5. cxd5 d6 6. Nc3 g6 7. e4 Bg7 8. h3 O-O 9. Bd3 a6 10. a4 Re8 11. O-O Nh5 12.
Bg5 Bf6 13. Bh6 Nd7 14. Qd2 Rb8 15. Rae1 Ne5 16. Be2 Nxf3+ 17. Bxf3 Ng7 18. Bd1 b5 19. axb5 axb5 20. b4 cxb4 21.
Na2 Qa5 22. Nxb4 Bd7 23. Bg4 Bxg4 24.
hxg4 Rbc8 25. Nc6 Bc3 26. Nxa5 Bf6 1-0

[Event "British Rapidplay Championship 2023"]
[Site "Mercure Bradford, Bankfield Hotel"]
[Date "2023.04.15"]
[Round "3.3"]
[White "Surtees, Mike J"]
[Black "Wells, Peter K"]
[Result "1/2-1/2"]
[TimeControl "15 minutes plus 10 seconds per move"]
[WhiteElo "2111"]
[BlackElo "2466"]

1. c3 d5 2. f4 c5 3. Nf3 Nc6 4. d3 Bg4 5. Nbd2 Qc7 6. g3 Nf6 7. h3 Bxf3 8. Nxf3 O-O-O 9. Qa4 e6 10.
Bg2 Bd6 11. e4 e5 12. f5 c4 13. Bg5 cxd3 14. Bxf6 gxf6 15. exd5 e4 16. dxc6 exf3 17. Bxf3 Bxg3+ 18. Kd1 Kb8 19.
Qb5 Rhe8 20. a4 d2 21. Kc2 Re1 22. Rd1 b6 23. Qc4 Re5 24. Rxd2 Rxd2+ 25. Kxd2 Rxf5 26. Rf1 Qf4+ 1/2-1/2

[Event "British Rapidplay Championship 2023"]
[Site "Mercure Bradford, Bankfield Hotel"]
[Date "2023.04.15"]
[Round "3.4"]
[White "Edwards-Wright, Miles D"]
[Black "Ashton, Adam G"]
[Result "1/2-1/2"]
[TimeControl "15 minutes plus 10 seconds per move"]
[WhiteElo "1937"]
[BlackElo "2390"]

1. b3 e5 2. Bb2 Nc6 3. g3 d5 4. Bg2 Nf6 5. d3 Bc5 6. h3 O-O 7. e3 a5 8. a3 Re8 9. Ne2 Qe7 10. Nd2 h6 11. O-O Bf5 12.
Kh2 Rad8 13. Nf3 Bd6 14. Re1 e4 15. Nfd4 Nxd4 16. Nxd4 Bd7 17. Ne2 h5 18. Nf4 Be5 19. Bxe5 Qxe5 20.
d4 Qf5 21. Rf1 Bb5 22. Ne2 h4 23. Rc1 Bxe2 24. Qxe2 Qg5 25. Rg1 hxg3+ 26. fxg3 g6 27. Rcf1 Kg7 28. Rf4 Nh5 29. Rg4 Qh6 30.
Rh4 f5 31. g4 fxg4 32. Rxg4 Nf6 33. Rg3 Nh5 34. Rg4 1/2-1/2

[Event "British Rapidplay Championship 2023"]
[Site "Mercure Bradford, Bankfield Hotel"]
[Date "2023.04.15"]
[Round "3.5"]
[White "Pitcher, John"]
[Black "Walton, Alan J"]
[Result "1/2-1/2"]
[TimeControl "15 minutes plus 10 seconds per move"]
[WhiteElo "2358"]
[BlackElo "2105"]

1. e4 e6 2. d3 d5 3. Nd2 Nf6 4. Ngf3 Nc6 5. c3 a5 6. Be2 Bd6 7. O-O O-O 8. Re1 h6 9. Bf1 dxe4 10. dxe4 e5 11. a4 Bc5 12.
Bb5 Qe7 13. Qc2 Nd8 14. Be2 Nc6 15. Nc4 b6 16. Be3 Bg4 17. Bxc5 Qxc5 18. Ne3 Rad8 19. Red1 Be6 20. Bb5 Na7 21.
Be2 Nc6 22. h3 Nh5 23. Kh2 Nf4 24. Bf1 Ne7 25. Rxd8 Rxd8 26. Rd1 Rxd1 27. Qxd1 Qd6 28. Qxd6 cxd6 29. g3 Nh5 30. Bc4 Bd7 31.
b3 Nf6 32. Nd2 Bc6 33. Bd3 d5 34. exd5 Nexd5 35. Nec4 Nd7 36. Bf5 f6 37. Be6+ Kf8 38. Bxd5 Bxd5 39. b4 axb4 40. cxb4 Ke7 41.
g4 Ke6 42. Kg3 Bc6 43. a5 bxa5 44. bxa5 Nc5 45. h4 Bb5 46. Ne3 Bd3 47. h5 Kd7 48. f4 exf4+ 49. Kxf4 Ne6+ 50. Kf3 Kc6 51.
Nd1 Bc2 1/2-1/2

[Event "British Rapidplay Championship 2023"]
[Site "Mercure Bradford, Bankfield Hotel"]
[Date "2023.04.15"]
[Round "3.6"]
[White "Senior, Gary"]
[Black "Dong, Bao Nghia"]
[Result "0-1"]
[TimeControl "15 minutes plus 10 seconds per move"]
[WhiteElo "1911"]
[BlackElo "2331"]

1. e4 e6 2. d4 d5 3. Nd2 c5 4.
Ngf3 cxd4 5. Nxd4 Nc6 6. Bb5 Bd7 7. Nxc6 bxc6 8. Bd3 Bd6 9. Qe2 e5 10. O-O Qe7 11. Re1 Nf6 12. h3 O-O 13.
f4 Bc5+ 14. Kh1 exf4 15. e5 Ng4 16. Nb3 Nf2+ 17. Kh2 Ng4+ 18. Kh1 Be3 19. Bxe3 Nxe3 20. Qh5 g6 21. Qh6 Qxe5 22. Nc5 Bf5 23.
Re2 Qd6 24. b4 Bxd3 25. Nxd3 Nf5 0-1

[Event "British Rapidplay Championship 2023"]
[Site "Mercure Bradford, Bankfield Hotel"]
[Date "2023.04.15"]
[Round "3.7"]
[White "Bak, Andrew"]
[Black "Makkar, Rajat"]
[Result "0-1"]
[TimeControl "15 minutes plus 10 seconds per move"]
[WhiteElo "1959"]
[BlackElo "2297"]

1. e4 c5 2. Nf3 d6 3. d4 cxd4 4. Nxd4 Nf6 5. Nc3 Nc6 6. Bg5 e6 7. Qd2 a6 8. O-O-O Bd7 9. f4 Be7 10.
Be2 b5 11. Nxc6 Bxc6 12. Qe3 b4 13. Bxf6 gxf6 14. Nb1 Qa5 15. a3 Rc8 16. axb4 Qxb4 17. Qd4 Bxe4 18. Nc3 Qxd4 19. Rxd4 Bxg2 20.
Rg1 Bb7 21. Rb4 Rc7 22. Rb3 d5 23.
Bh5 Kf8 24. Ne2 Bc5 25. Rd1 Rg8 26. Ng3 Ke7 27. Bf3 a5 28. f5 a4 29. Rc3 Bd6 30. Rxc7+ Bxc7 31. Rd4 Bxg3 32. hxg3 Rxg3 33.
Be2 Bc6 34. Rh4 Rg2 35. Bd3 e5 36. Rxh7 e4 37. Ba6 Rg5 38. Bc8 e3 39. Rh3 Rg1# 0-1

[Event "British Rapidplay Championship 2023"]
[Site "Mercure Bradford, Bankfield Hotel"]
[Date "2023.04.15"]
[Round "3.8"]
[White "Ismail, Mohammed Aayan"]
[Black "Hryshchenko, Kamila"]
[Result "1-0"]
[TimeControl "15 minutes plus 10 seconds per move"]
[WhiteElo "2269"]
[BlackElo "2019"]

1. Nf3 d6 2. d4 Nf6 3. g3 g6 4. Bg2 Bg7 5. O-O O-O 6. Re1 Nbd7 7. e4 e5 8. c3 Qe7 9. Nbd2 Rd8 10.
Qc2 c6 11. a4 b6 12. a5 Ba6 13. b4 Rdc8 14. Ba3 b5 15. Nb3 Re8 16. Rad1 exd4 17. cxd4 Rac8 18. e5 Nd5 19. Bh3 dxe5 20.
dxe5 Nb8 21. Nc5 Rc7 22. e6 f6 23. Nd4 Bc8 24. Nxb5 Nxb4 25. Bxb4 cxb5 26. Rc1 f5 27. Qb3 Kh8 28.
Nd7 Rxc1 29. Rxc1 Qg5 30. f4 Qh5 31. Bg2 Nxd7 32. exd7 Bxd7 33. Qf7 Rd8 34. Qe7 Bd4+ 35. Kh1 Re8 36. Qxd7 Rb8 1-0

[Event "British Rapidplay Championship 2023"]
[Site "Mercure Bradford, Bankfield Hotel"]
[Date "2023.04.15"]
[Round "3.9"]
[White "Lau, Luke"]
[Black "Walker, David J"]
[Result "1/2-1/2"]
[TimeControl "15 minutes plus 10 seconds per move"]
[WhiteElo "1917"]
[BlackElo "2250"]

1. e4 e5 2. Nf3 Nc6 3. d4 exd4 4. Nxd4 Bc5 5. Nb3 Bb6 6. Nc3 Qf6 7. Qe2 Nge7 8. Be3 O-O 9. O-O-O Ng6 10. Nd5 Qd8 11. Nxb6 axb6 12.
Kb1 d6 13. f3 Be6 14. Qd2 Nge5 15. Qc3 f5 16. exf5 Rxf5 17. a3 Qd7 18. Nd4 Nxd4 19. Bxd4 Qf7 20. Re1 Re8 21. Bxe5 Rxe5 22.
Rxe5 dxe5 23. Bd3 Ba2+ 24. Ka1 Bd5 25. Re1 Qe7 26. Be4 Bxe4 27. Rxe4 Qd6 28. Qc4+ Kf8 29. Qe2 Re7 30. Re3 g6 31.
Rd3 Qf6 32. Qe4 c6 33. Qe3 b5 34. Qh6+ Qg7 35. Rd8+ Kf7 36. Qd2 Qf6 37. Qh6 Qg7 38. Qe3 Qf6 39. Kb1 e4 40. Qb3+ Qe6 41.
Qxe6+ Kxe6 42. fxe4 Ke5 43. Kc1 Kxe4 44. Kd2 Kf4 45. Rd4+ Kf5 46. Rd8 1/2-1/2

[Event "British Rapidplay Championship 2023"]
[Site "Mercure Bradford, Bankfield Hotel"]
[Date "2023.04.15"]
[Round "3.12"]
[White "Bramson, Mike"]
[Black "Mosnegutu, Klauss"]
[Result "0-1"]
[TimeControl "15 minutes plus 10 seconds per move"]
[WhiteElo "1864"]
[BlackElo "2229"]

1. e4 c5 2. Nf3 d6 3. Nc3 a6 4. a4 Nf6 5. Bc4 Bg4 6.
d3 e6 7.
Be3 d5 8. e5 Nfd7 9. Bg5 Qa5 10. Bxd5 exd5 11. O-O Be6 12. d4 Nc6 13. Re1 cxd4 14. Nxd4 Nxd4 15. Qxd4 Bc5 16. Qh4 Qb6 17.
Rad1 h6 18. Re2 Nf8 19. Be3 Bxe3 20. Rxe3 Ng6 21. a5 Qxe3 0-1

[Event "British Rapidplay Championship 2023"]
[Site "Mercure Bradford, Bankfield Hotel"]
[Date "2023.04.15"]
[Round "3.13"]
[White "Slinger, AJ (Tony)"]
[Black "Watson, Phil R"]
[Result "1/2-1/2"]
[TimeControl "15 minutes plus 10 seconds per move"]
[WhiteElo "1841"]
[BlackElo "2144"]

1. c4 e5 2. Nc3 Nc6 3. Nf3 Nf6 4.
e3 Bb4 5. Qc2 Bxc3 6. bxc3 O-O 7.
e4 b6 8. g3 d6 9. Bg2 Bb7 10.
d3 Qd7 11. O-O Kh8 12. Nh4 Ne7 13. Qe2 Nfg8 14. f4 exf4 15. gxf4 f5 16. e5 Bxg2 17. Kxg2 Rae8 18. d4 d5 19.
Nf3 dxc4 20. Qxc4 c5 21. dxc5 Rc8 22. Qd4 Qc6 23. Qd6 Rfd8 24. Qxc6 Rxc6 25. cxb6 axb6 26. Bd2 Rc4 27. Kf2 Nd5 28.
Ng5 Nh6 29. Ne6 Re8 30. Nd4 Nxc3 31. Bxc3 Rxc3 32. Rac1 Ra3 33. Rc2 g6 34. Rb1 Ng4+ 35. Kg1 Ne3 36. Re2 Nd5 37. Rf2 Rea8 38.
Rbb2 Rd3 39. Ne6 Ra4 40. Rbc2 Rd1+ 41. Kg2 Ne3+ 42. Kg3 Nxc2 43. Rxc2 Kg8 44. Rc7 Rd3+ 45. Kh4 Rxa2 46. Kg5 Ra8 47. Kf6 Rh3 48. Rg7+ Kh8 49.
Rf7 Rxh2 50. Ng5 h6 51. Rh7+ Kg8 52. Rg7+ Kh8 53. Rh7+ Kg8 54. Rg7+ Kh8 1/2-1/2

[Event "British Rapidplay Championship 2023"]
[Site "Mercure Bradford, Bankfield Hotel"]
[Date "2023.04.15"]
[Round "3.14"]
[White "Bak, Christopher"]
[Black "McCarthy, Damian M"]
[Result "0-1"]
[TimeControl "15 minutes plus 10 seconds per move"]
[WhiteElo "2116"]
[BlackElo "1860"]

1. c4 e5 2. Nc3 Nf6 3. Nf3 Nc6 4. e3 Bb4 5. Qc2 Bxc3 6. Qxc3 e4 7. Nd4 O-O 8. Be2 d5 9. O-O Re8 10.
f3 Ne5 11. cxd5 Nxd5 12. Qb3 exf3 13. gxf3 c5 14. Nc2 Re6 15. f4 Rg6+ 16. Kh1 Bh3 17. Rg1 Ng4 18. Bxg4 Bxg4 19. Rg3 Nf6 20.
d3 Nh5 21. Kg2 Qh4 22. Qxb7 Rf8 23. Ne1 Bh3+ 24. Kf2 Nxg3 25. hxg3 Qxg3+ 26. Ke2 Qh2+ 27. Kd1 Bg4+ 28. Nf3 Bxf3+ 29. Qxf3 Rg1+ 30. Qf1 Rxf1# 0-1

[Event "British Rapidplay Championship 2023"]
[Site "Mercure Bradford, Bankfield Hotel"]
[Date "2023.04.15"]
[Round "3.15"]
[White "Coles, Steven F"]
[Black "Mokhber-Garcia, Sebastian"]
[Result "1-0"]
[TimeControl "15 minutes plus 10 seconds per move"]
[WhiteElo "1969"]
[BlackElo "1815"]

1. d4 Nf6 2. Bg5 e6 3. e4 h6 4. Bxf6 Qxf6 5. c3 Be7 6. Bd3 e5 7. Ne2 exd4 8. cxd4 Bb4+ 9. Nbc3 Nc6 10.
e5 Qe7 11. O-O O-O 12. Nd5 Qd8 13. Bc2 Be7 14. Nef4 g6 15. Qd3 Kg7 16. Nxg6 f5 17. Nxf8 Qxf8 18. Nxc7 Rb8 19. e6 dxe6 20.
Rfe1 Bd6 21. Nxe6+ Bxe6 22. Rxe6 Rd8 23. d5 Ne7 24. Kh1 Ng6 25. g3 h5 26. Rae1 h4 27. Qxf5 Qxf5 28. Bxf5 Nf8 29.
Re8 Rxe8 30. Rxe8 hxg3 31. hxg3 Kf6 32. g4 Bc5 33. Kg2 Kf7 34. Rb8 b6 35. Rb7+ Kf6 36. Rxa7 Ke5 37. a3 Kxd5 38.
f4 b5 39. Ra5 Kc4 40. g5 Bd6 41. Kf3 Bc7 42. Ra8 Bd6 43. g6 Nxg6 44. Bxg6 Kb3 45. Ra5 Kc4 46. Bf7+ Kc5 47. Be8 Bc7 48.
Rxb5+ Kc4 49. Rb7 Bd6 50. a4 Bf8 51. a5 Kd5 52. a6 Bc5 1-0

[Event "British Rapidplay Championship 2023"]
[Site "Mercure Bradford, Bankfield Hotel"]
[Date "2023.04.15"]
[Round "3.16"]
[White "Cheng, Louis"]
[Black "Raynes, Paul"]
[Result "1-0"]
[TimeControl "15 minutes plus 10 seconds per move"]
[WhiteElo "1617"]
[BlackElo "2077"]

1. e4 d6 2. d4 Nf6 3. Nc3 g6 4. Nf3 Bg7 5. Be2 O-O 6. O-O a6 7. a4 Nc6 8. Be3 Re8 9. h3 e5 10.
d5 Ne7 11. Qd2 Rf8 12. Bh6 Ne8 13. Bxg7 Kxg7 14. h4 h6 15. Nh2 Ng8 16. h5 g5 17. g4 Ne7 18. f3 c6 19. Rfd1 cxd5 20.
Nxd5 Nxd5 21. Qxd5 Qb6+ 22. Kg2 Be6 23. Qd2 Rc8 24. b3 Qc5 25. c4 a5 26. Nf1 f6 27. Ne3 Rf7 28. Rac1 Rfc7 29.
Rc3 Qb6 30. Rd3 Rc5 31. Kg3 Qc7 32. Kf2 b6 33. Nc2 Qc6 34. Na3 Qb7 35. Nb5 Rxb5 36. axb5 Qc7 37. Rxd6 Qc5+ 38. Qe3 Nxd6 39.
Qxc5 Nxe4+ 40. fxe4 Rxc5 41. Rd6 Bf7 42. Rxb6 a4 43. bxa4 Bxc4 44. Rc6 1-0

[Event "British Rapidplay Championship 2023"]
[Site "Mercure Bradford, Bankfield Hotel"]
[Date "2023.04.15"]
[Round "3.17"]
[White "Vijayakumar, Rishi"]
[Black "Patrick, Chaski"]
[Result "1-0"]
[TimeControl "15 minutes plus 10 seconds per move"]
[WhiteElo "1770"]
[BlackElo "2032"]

1. d4 f5 2. Bg5 c6 3. h4 Qb6 4. b3 e6 5. Nf3 d5 6. e3 Nd7 7. c4 Ngf6 8. Nbd2 Ne4 9. Bd3 Bb4 10.
a3 Bc3 11. Rb1 O-O 12. Qc2 Ndf6 13. b4 Ng4 14. O-O Bxd2 15. Nxd2 Qc7 16. Bf4 Qd8 17. f3 Nxd2 18. Qxd2 Nf6 19.
Qe2 Nh5 20. g3 Nxf4 21. exf4 Rf6 22. Qe5 Rg6 23. Kf2 Bd7 24. h5 Rh6 25. Rh1 Qf6 26. g4 Qxe5 27. fxe5 g5 28. gxf5 exf5 29.
Rbg1 g4 30. Be2 Rf8 31. fxg4 fxg4+ 32. Ke3 dxc4 33. Bxg4 Bxg4 34. Rxg4+ Kh8 35. Rf4 Rxf4 36. Kxf4 Re6 37. Kf5 Re8 38.
e6 Kg7 39. h6+ Kf8 40. Kf6 Re7 41. Rg1 c3 42. Rc1 Ke8 43. Rxc3 Kd8 44. Rg3 Re8 45. Rg7 Rf8+ 46. Ke5 Kc8 47. e7 Re8 48. Ke6 Kc7 49.
Rf7 Rg8 50. e8=Q+ 1-0